 Dungeon Crawl Stone Soup version 0.29-a0-998-g1987434951 (webtiles) character file.

Game seed: 13348296387046333430

9 mathmaestro the Grave Robber (level 2, 15/20 HPs)
             Began as a Demonspawn Necromancer on Aug 5, 2022.
             Quit the game on level 1 of the Dungeon.
             The game lasted 00:02:02 (371 turns).

mathmaestro the Grave Robber (DsNe)                  Turns: 371, Time: 00:02:02

Health: 15/20      AC:  2    Str: 14    XL:     2   Next: 3%
Magic:  0/5        EV: 12    Int: 16    God:
Gold:   27         SH:  0    Dex: 13    Spells: 4/5 levels left

rFire   . . .      SeeInvis .   c - +0 dagger
rCold   + . .      Faith    .   (no shield)
rNeg    . . .      Spirit   .   a - +0 robe
rPois   .          Reflect  .   (no helmet)
rElec   .          Harm     .   (no cloak)
rCorr   .          Rampage  .   (no gloves)
Will    .....                   (no boots)
Stlth   ++........              (no amulet)
HPRegen 0.06/turn               d - ring of protection from cold
MPRegen 0.09/turn               e - +6 ring of strength

@: no status effects
A: demonic magic 1
a: no special abilities


You were on level 1 of the Dungeon.
You visited 1 branch of the dungeon, and saw 1 of its levels.

You collected 27 gold pieces.

Inventory:

Hand Weapons
 c - a +0 dagger (weapon)
Armour
 a - a +0 robe (worn)
Jewellery
 d - a ring of protection from cold (left hand)
 e - a +6 ring of strength (right hand)
Potions
 b - a potion of magic


   Skills:
 + Level 0.5 Fighting
 + Level 1.9 Dodging
 - Level 2.0 Stealth
 + Level 2.1 Spellcasting
 + Level 4.5 Necromancy


You had 4 spell levels left.
You knew the following spells:

 Your Spells              Type           Power      Damage    Failure   Level
a - Necrotise             Necr           64%        1d7       3%          1

Your spell library contained the following spells:

 Spells                   Type           Power      Damage    Failure   Level
 Vampiric Draining        Necr           16%        2d7       10%         3
 Animate Dead             Necr           16%        N/A       32%         4
 Agony                    Necr           16%        N/A       65%         5


Dungeon Overview and Level Annotations

Branches:
Dungeon (1/15)

Altars:


Innate Abilities, Weirdness & Mutations

Spells you cast may paralyse adjacent enemies.


Message History

Casting: Necrotise (safe; 3% risk of failure)
Confirm with . or Enter, or press ? or * to list all spells.
Aiming: Necrotise (safe; 3% risk of failure)
Press: ? - help, Shift-Dir - straight line, f/p - endoplasm
Aim: an endoplasm (heavily wounded, chance to affect: 86%)
You miscast Necrotise.
You are very lightly contaminated with residual magic.
Nothing appears to happen.
The endoplasm misses you.
You hit the endoplasm but do no damage.
The endoplasm is heavily wounded.
The endoplasm freezes you.
You are frozen.
You resist.
You hit the endoplasm but do no damage.
The endoplasm is heavily wounded.
The endoplasm misses you.
You hit the endoplasm.
The endoplasm is severely wounded.
The endoplasm barely misses you.
You barely miss the endoplasm.
The endoplasm is severely wounded.
The endoplasm barely misses you.
You hit the endoplasm but do no damage.
The endoplasm is heavily wounded.
The endoplasm closely misses you.
You barely miss the endoplasm.
The endoplasm is heavily wounded.
The endoplasm freezes you.
You are frozen.
You resist.
Your magical contamination has completely faded away.
You hit the endoplasm.
The endoplasm is almost dead.
The endoplasm closely misses you.
You hit the endoplasm.
You kill the endoplasm!
Training target 2.0 for Stealth reached!
Your Stealth skill increases to level 2!
You have reached level 2!
Your demonic ancestry asserts itself...
A menacing aura infuses your magic.
Are you sure you want to abandon this character and quit the game? (Confirm with "yes".)

####### #.....# #.....#
#.....# #.....# #.....#
########## #.....##
#.@.......
######......###.########
.................>......
'########...###.#######.
....##......###.#
8.8.##..........#
....##...#.########
<.8.+.............#
....##........###.#


There were no monsters in sight!

Vanquished Creatures
  An endoplasm (D:1)
  2 hobgoblins (D:1)
  2 ball pythons (D:1)
  A bat (D:1)
  2 frilled lizards (D:1)
  A kobold (D:1)
9 creatures vanquished.

Vanquished Creatures (collateral kills)
  A rat (D:1)
1 creature vanquished.

Grand Total: 10 creatures vanquished

Notes
Turn   | Place    | Note
-------+----------+-------------------------------------------
     0 | D:1      | mathmaestro the Demonspawn Necromancer began the quest for
                  | the Orb.
     0 | D:1      | Reached XP level 1. HP: 13/13 MP: 3/3
   371 | D:1      | Gained mutation: Spells you cast may paralyse adjacent
                  | enemies. [demonic ancestry]
   371 | D:1      | Reached XP level 2. HP: 15/20 MP: 0/5
   371 | D:1      | Quit the game

Illustrated notes

Levels and vault maps discovered:
D:1:      doesnt_arrival_eight_statues, layout_basic,
          dreamdust_ecumenical_altar_grove

Skill      XL: |  1 |
---------------+----+-----
Stealth        | 2 |  2.0
Fighting       | |  0.5
Dodging        | |  1.9
Spellcasting   | |  2.1
Necromancy     | |  4.5

Action                   || total
-------------------------++-------
Melee: Dagger            ||    10
 Cast: Necrotise         ||    14
Dodge: Dodged            ||    12

Table legend: (Time is in decaauts)
 A = Elapsed time spent in this place.
 B = Non-inter-level travel time spent in this place.
 C = Inter-level travel time spent in this place.
 D = Time resting spent in this place.
 E = Time spent auto-exploring this place.
 F = Levels seen in this place.
 G = Mean time per level.
                   A        B        C        D        E       F      G
               +--------+--------+--------+--------+--------+-----+--------+
         Total |    369 |    369 |      0 |     65 |    227 |   1 |  369.0 |
       Dungeon |    369 |    369 |      0 |     65 |    227 |   1 |  369.0 |
               +--------+--------+--------+--------+--------+-----+--------+

Top non-repeatable levels by time:
     D:1: 369 daAuts
